AoeStats
← zYaubolz

Arena

508154970Analyzed
4v4 RM · 12d ago on Sep 21, 2026· 46m 59s· 8 players
Game mode
Random Map
Map size
Large (8 player)
Population
200
Speed
Normal
Resources
Standard
Victory
Conquest
Starting age
Dark Age
Ending age
Imperial Age
RankedLock teamsTeams togetherTeam positionsShared explorationLock speedFull tech treeHidden civsTurbo modeCheats
Victory
Defeat
🇺🇸 Italians · United States
901
+13
🇺🇸 Slavs · United States
794
+18
🇨🇴 Persians · Colombia
734
+20
🇺🇸 Hindustanis · United States
699
+21
🇨🇦 Spanish · Canada
850
-19
🇺🇸 Vikings · United States
831
-18
🇺🇸 Teutons · United States
830
-18
🇺🇸 Malians · United States
809
-17
Formidable Bacon
12:09 Feudal Age
12:49 Loom
13:08 Double-Bit Axe
13:07 Horse Collar
18:50 Castle Age
19:59 Bow Saw
35:58 Imperial Age
36:00 Heavy Plow
Zukomazi
12:40 Feudal Age
13:38 Double-Bit Axe
17:07 Castle Age
16:04 Horse Collar
17:51 Loom
18:22 Bow Saw
18:39 Heavy Plow
22:11 Gold Mining
30:23 Imperial Age
27:53 Stone Mining
28:52 Forging
28:43 Scale Mail Armor
28:48 Squires
28:47 Pikeman
30:06 Wheelbarrow
29:52 Arson
32:16 Chain Mail Armor
32:37 Iron Casting
32:30 Conscription
33:35 Caravan
34:09 Crop Rotation
34:15 Plate Mail Armor
34:04 Capped Ram
614Superdry
11:31 Feudal Age
11:42 Loom
17:08 Castle Age
15:15 Double-Bit Axe
16:05 Gold Mining
16:44 Stone Mining
19:33 Wheelbarrow
19:34 Bow Saw
20:37 Fervor
22:32 Horse Collar
25:29 Hand Cart
26:54 Heavy Plow
27:41 Ballistics
28:12 Stone Shaft Mining
28:52 Loom
31:56 Imperial Age
30:07 Fletching
30:17 Padded Archer Armor
30:24 Thumb Ring
31:37 Bodkin Arrow
31:57 Leather Archer Armor
32:18 Elite Conquistador
33:20 Conscription
34:35 Chemistry
34:54 Bracer
35:24 Ring Archer Armor
35:06 Forging
35:44 Scale Barding Armor
35:53 Bloodlines
35:43 Husbandry
35:03 Cavalier
37:50 Two-Man Saw
37:35 Scale Mail Armor
38:10 Paladin
39:50 Pikeman
40:30 Squires
42:37 Elite Skirmisher
42:55 Halberdier
46:07 Iron Casting
45:48 Chain Mail Armor
45:53 Chain Barding Armor
xbanyai
10:34 Feudal Age
11:59 Double-Bit Axe
17:46 Castle Age
16:11 Gold Mining
16:06 Man-at-Arms
16:51 Horse Collar
19:39 Wheelbarrow
19:37 Fletching
21:04 Crossbowman
22:40 Long Swordsman
23:23 Scale Mail Armor
24:57 Chain Mail Armor
25:34 Gambesons
25:50 Squires
25:35 Arson
28:28 Hand Cart
30:46 Caravan
32:24 Town Watch
32:36 Stone Mining
33:00 Forging
32:47 Bodkin Arrow
32:52 Padded Archer Armor
41:10 Imperial Age
39:27 Iron Casting
39:08 Leather Archer Armor
41:07 Ironclad
42:18 Conscription
42:08 Elite Teutonic Knight
zYaubolz
11:04 Feudal Age
15:44 Castle Age
13:39 Double-Bit Axe
13:38 Horse Collar
16:36 Wheelbarrow
17:23 Fervor
20:05 Loom
23:13 Hand Cart
29:39 Imperial Age
27:20 Fletching
27:54 Ballistics
28:35 Bodkin Arrow
31:20 Chemistry
30:24 Bracer
30:59 Conscription
40:29 Forging
40:19 Scale Mail Armor
40:26 Squires
40:12 Arson
46:03 Iron Casting
45:44 Chain Mail Armor
CaptSquigglyP_IV
7:06 Loom
11:45 Feudal Age
13:47 Loom
15:09 Wheelbarrow
15:44 Double-Bit Axe
21:29 Castle Age
31:14 Horse Collar
33:53 Bow Saw
34:42 Gold Mining
40:57 Thumb Ring
41:03 Husbandry
41:13 Bloodlines
41:25 Heavy Plow
41:45 Hand Cart
42:12 Ballistics
41:56 Padded Archer Armor
41:47 Fletching
43:48 Grand Trunk Road
48:01 Imperial Age
47:36 Fortified Wall
Hans Brix
0:40 Loom
12:38 Feudal Age
14:03 Horse Collar
14:09 Double-Bit Axe
16:48 Wheelbarrow
21:13 Castle Age
19:15 Stone Mining
22:43 Pikeman
25:11 Detinets
25:21 Heavy Plow
25:50 Bow Saw
26:41 Squires
29:01 Forging
30:13 Hand Cart
31:44 Scale Barding Armor
33:37 Fletching
34:40 Scale Mail Armor
35:16 Iron Casting
48:17 Imperial Age
46:07 Caravan
47:35 Chain Barding Armor
47:34 Chain Mail Armor
47:14 Bodkin Arrow
luhigy23
0:29 Loom
12:19 Feudal Age
13:32 Wheelbarrow
14:17 Wheelbarrow
17:20 Castle Age
15:39 Horse Collar
15:51 Double-Bit Axe
25:48 Hand Cart
28:04 Bow Saw
27:59 Heavy Plow
27:57 Gold Mining
28:01 Stone Mining
33:18 Imperial Age
30:34 Town Watch
32:18 Scale Barding Armor
32:14 Scale Mail Armor
32:24 Forging
32:42 Town Patrol
33:32 Stone Shaft Mining
33:32 Gold Shaft Mining
34:27 Crop Rotation
34:28 Chain Barding Armor
34:24 Chain Mail Armor
34:33 Conscription
34:28 Citadels
34:19 Kamandaran
33:40 Elite War Elephant
35:37 Chemistry
34:58 Ballistics
37:19 Plate Barding Armor
44:08 Plate Mail Armor
Connection lost

Rejoining the realm…

Still unreachable

The connection could not be restored.

Session expired

The server has moved on; the page needs a fresh start.